 Dungeon Crawl Stone Soup version 0.27.1 (webtiles) character file.

Game seed: 7666144241730701112

60 Kinoniko the Ruffian (level 3, 0/36 HPs)
             Began as a Troll Monk on Aug 31, 2021.
             Killed by divine providence
             ... invoked by an orc priest
              (13 damage)
             ... on level 3 of the Dungeon.
             The game lasted 00:01:05 (1479 turns).

Kinoniko the Ruffian (Troll Monk)                   Turns: 1479, Time: 00:01:06

Health: 0/36       AC:  4    Str: 19    XL:     3   Next: 82%
Magic:  2/2        EV: 10    Int:  6    God:
Gold:   71         SH:  0    Dex: 13    Spells: 2/2 levels left

rFire    . . .     SeeInvis .     - Unarmed
rCold    . . .     Faith    .   (no shield)
rNeg     . . .     Spirit   .   a - +0 robe
rPois    .         Reflect  .   (helmet restricted)
rElec    .         Harm     .   (no cloak)
rCorr    .         Rampage  .   (gloves unavailable)
Will     .....                  (boots unavailable)
Stlth    ++........             (no amulet)
HPRegen  1.12/turn              (no ring)
MPRegen  0.08/turn              (no ring)

@: no status effects
A: large, unfitting armour, claws 3, regeneration 1, shaggy fur 1, tough skin 1
a: no special abilities


You were on level 3 of the Dungeon.
You visited 1 branch of the dungeon, and saw 3 of its levels.

You collected 71 gold pieces.

Inventory:

Armour
 a - a +0 robe (worn)
Scrolls
 c - 2 scrolls of teleportation {unknown}
 d - 2 scrolls of identify {unknown}
 f - a scroll of enchant weapon {unknown}
 i - a scroll of magic mapping {unknown}
Potions
 b - a potion of attraction {unknown}
 e - a potion of heal wounds {unknown}
 g - 2 potions of brilliance {unknown}
 h - a potion of might {unknown}
 j - a potion of ambrosia {unknown}
 k - 2 potions of mutation {unknown}


   Skills:
 - Level 2.4 Fighting
 + Level 3.0 Dodging
 - Level 1.0 Stealth
 * Level 4.3 Unarmed Combat


You had 2 spell levels left.
You didn't know any spells.
Your spell library contained the following spells:

 Spells                   Type           Power      Damage    Failure   Level
 Corpse Rot               Necr/Air       N/A        N/A       58%         2
 Poisonous Vapours        Pois/Air       0%         N/A       58%         2
 Freezing Cloud           Conj/Ice/Air   0%         6-21      100%        5


Dungeon Overview and Level Annotations

Branches:
Dungeon (3/15)

Altars:
Ru

Shops:
D:1 !


Innate Abilities, Weirdness & Mutations

You are too large for most types of armour.
You have claws for hands.
Your natural rate of healing is unusually fast.
You are covered in fur. (AC +1)
You have tough skin. (AC +1)


Message History

The orc priest closely misses you.
You scratch the orc priest.
The orc priest is almost dead.
You claw the orc!
You kill the orc!
The orc priest mumbles some strange prayers to Beogh against you.
Beogh smites you!
A kobold comes into view. It is wielding a +0 short sword.
The orc priest hits you with a +0 mace.
Things that are here:
a +0 dagger; an orc corpse You scratch the orc priest but do no damage.
The orc priest is almost dead.
The orc priest hits you with a +0 mace.
You barely miss the orc priest.
The orc priest is almost dead.
The orc priest mumbles some strange prayers to Beogh against you.
Pain shoots through your body!
You are too injured to fight recklessly!
You are too injured to fight recklessly!
You are too injured to fight recklessly!
You are too injured to fight recklessly!
You are too injured to fight recklessly!
You are too injured to fight recklessly!
You are too injured to fight recklessly!
You are too injured to fight recklessly!
You are too injured to fight recklessly!
You are too injured to fight recklessly!
You are too injured to fight recklessly!
You are too injured to fight recklessly!
You are too injured to fight recklessly!
You are too injured to fight recklessly!
You are too injured to fight recklessly!
You are too injured to fight recklessly!
Unknown command.
You scratch the orc priest but do no damage.
The orc priest is almost dead.
The orc priest calls down the wrath of Beogh upon you.
Beogh smites you!
You die... #########.# #<..@oooK.# #########.#

You could see an orc priest, 2 orcs and a kobold.

Vanquished Creatures
  2 adders (D:2)
  2 worms (D:2)
  2 dart slugs
  An orc (D:3)
  6 bats
  3 endoplasms (D:1)
  A giant cockroach (D:1)
  4 goblins
  2 hobgoblins
  A quokka (D:1)
  2 ball pythons
  A frilled lizard (D:1)
  4 kobolds (D:1)
  2 rats (D:1)
33 creatures vanquished.

Notes
Turn   | Place    | Note
-------+----------+-------------------------------------------
     0 | D:1      | Kinoniko the Troll Monk began the quest for the Orb.
     0 | D:1      | Reached XP level 1. HP: 22/22 MP: 0/0
   231 | D:1      | Reached XP level 2. HP: 27/29 MP: 1/1
   231 | D:1      | Found a sacrificial altar of Ru.
   460 | D:1      | Found Dutan's Distillery.
   978 | D:2      | Reached XP level 3. HP: 32/36 MP: 2/2
  1104 | D:2      | Reached skill level 4 in Unarmed Combat
  1479 | D:3      | Killed from afar by an orc priest

Illustrated notes

Levels and vault maps discovered:
D:1:      lemuel_arrival_cross, layout_basic, serial_shops,
          nicolae_lakefront_shop, minmay_hexomino_r4
D:2:      layout_rooms
D:3:      layout_basic, nicolae_qazlal_eye_of_the_storm,
          regret_index_temple_of_mockery, hangedman_decor_growths,
          chequers_serial_rivers_marsh, guppyfry_early_orc_mine, uniq_robin,
          uniq_jessica

Skill      XL: |  1  2  3 |
---------------+----------+-----
Unarmed Combat | 4 |  4.3
Dodging        | 3 |  3.0
Fighting       | |  2.4
Stealth        | |  1.0

Action                   || total
-------------------------++-------
Melee: Unarmed           ||    67
 Stab: Sleeping          ||     3
Armor: Robe              ||    14
Dodge: Dodged            ||    20
